 Dungeon Crawl Stone Soup version 0.27-a0-887-gcab673c142 (webtiles) character file.

Game seed: 10160550961953031876

8169 timneilson the Blocker (level 11, -1/67 HPs)
             Began as a Gargoyle Fighter on Apr 3, 2021.
             Was a High Priest of Okawaru.
             Slain by an orange demon (4 damage)
             ... summoned by a kobold demonologist
             ... on level 9 of the Dungeon.
             The game lasted 00:17:52 (9299 turns).

timneilson the Blocker (Gargoyle Fighter)           Turns: 9299, Time: 00:17:53

Health: -1/67      AC:  7    Str: 23    XL:     11   Next: 26%
Magic:  14/14      EV:  7    Int:  9    God:    Okawaru [*****.]
Gold:   1432       SH: 13    Dex:  9    Spells: 10/10 levels left

rFire    . . .     SeeInvis .   a - +1 long sword (drain)
rCold    . . .     Faith    .   c - +1 kite shield
rNeg     + . .     Spirit   .   s - +0 chain mail
rPois    ∞         Reflect  .   (no helmet)
rElec    +         Harm     .   n - +0 cloak
rCorr    +         Rampage  .   t - +0 pair of gloves
Will     .....                  e - +0 pair of boots
Stlth    ..........             (no amulet)
HPRegen  0.21/turn              g - ring of resist corrosion
MPRegen  0.14/turn              m - +4 ring of slaying

@: corroded, studying Evocations
A: AC +8, negative energy resistance 1, electricity resistance, torment
resistance 1, unbreathing 1, petrification resistance
a: Renounce Religion, Heroism, Finesse


You were on level 9 of the Dungeon.
You worshipped Okawaru.
Okawaru was extremely pleased with you.
You visited 1 branch of the dungeon, and saw 9 of its levels.
You also visited: Ossuary.

You collected 1432 gold pieces.

Inventory:

Hand Weapons
 a - a +1 long sword of draining (weapon)
Armour
 c - a +1 kite shield (worn)
 e - a +0 pair of boots (worn)
 n - a +0 cloak (worn)
 s - a +0 chain mail (worn)
 t - a +0 pair of gloves (worn)
 u - a +0 plate armour
Jewellery
 g - a ring of resist corrosion (left hand)
 m - a +4 ring of slaying (right hand)
 r - a +6 ring of strength
 y - a ring of protection from cold
Wands
 p - a wand of polymorph (13)
 w - a wand of flame (10)
Scrolls
 b - a scroll of fog
 v - a scroll of enchant weapon
 x - a scroll of enchant armour
 z - a scroll of identify
Potions
 d - a potion of might
 f - 6 potions of curing
 h - 5 potions of heal wounds
 i - a potion of cancellation
 j - 3 potions of brilliance
 k - 2 potions of flight
 l - 3 potions of attraction
 o - 3 potions of lignification
 q - 3 potions of ambrosia


   Skills:
 + Level 7.3 Fighting
 * Level 7.9 Long Blades
 * Level 9.7 Armour
 * Level 9.8 Shields
 + Level 5.3 Invocations
 + Level 4.6 Evocations


You had 10 spell levels left.
You didn't know any spells.
Your spell library contained the following spells:

 Spells                   Type           Power      Damage    Failure   Level
 Beastly Appendage        Tmut           0%         N/A       99%         1
 Corona                   Hex            0%         N/A       99%         1
 Ensorcelled Hibernation  Hex/Ice        0%         N/A       100%        2
 Wereblood                Tmut           0%         N/A       100%        2
 Confusing Touch          Hex            0%         N/A       100%        3
 Dazzling Flash           Conj/Hex       0%         N/A       100%        3
 Spider Form              Tmut/Pois      0%         N/A       100%        3
 Tukima's Dance           Hex            0%         N/A       100%        3
 Ice Form                 Ice/Tmut       0%         N/A       100%        4
 Hydra Form               Tmut           0%         N/A       100%        5


Dungeon Overview and Level Annotations

Branches:
Dungeon (9/15)             Temple (0/1) D:6         Ossuary (visited)
   Lair: D:8-11         Orc: D:9-12

Altars:
Dithmenos
Elyvilon
Hepliaklqana
Nemelex Xobeh
Okawaru
Qazlal
Ru
Wu Jian
The Shining One


Innate Abilities, Weirdness & Mutations

Your stone body is resilient. (AC +8)
You are immune to poison.
You resist negative energy. (rN+)
You are resistant to electric shocks. (rElec)
You are resistant to unholy torment.
You can survive without breathing.
You are immune to petrification.


Message History

You block the kobold demonologist's attack.
The orange demon stings you. You block the orange demon's attack.
The gnoll barely misses you.
You closely miss the kobold demonologist.
The kobold demonologist is almost dead.
The kobold demonologist looks encouraged for a moment.
You block the orange demon's attack. The orange demon completely misses you.
You block the gnoll's attack.
You hit the kobold demonologist but do no damage.
The kobold demonologist is almost dead.
The kobold demonologist hits you but does no damage.
The orange demon barely misses you. The orange demon hits you.
You block the gnoll's attack.
You closely miss the kobold demonologist.
The kobold demonologist is almost dead.
The kobold demonologist shouts!
You hear a shout!
The ice devil disappears in a puff of smoke!
You block the kobold demonologist's attack.
The orange demon stings you but does no damage.
You block the orange demon's attack.
The kobold demonologist miscasts a cantrip.
The gnoll completely misses you.
Okay, then.
You hit the orange demon.
The orange demon is lightly wounded.
You block the orange demon's attack. The orange demon hits you.
The kobold demonologist casts a spell.
The gnoll barely misses you. You block the ice devil's attack.
The kobold demonologist looks encouraged for a moment.
You hear a shout!
You barely miss the ice devil. The orange demon barely misses you.
You block the orange demon's attack.
The kobold demonologist miscasts a cantrip.
The gnoll hits you from afar with a +0 halberd.
The ice devil hits you! The ice devil freezes you!
* * * LOW HITPOINT WARNING * * *
The orange demon stings you.
* * * LOW HITPOINT WARNING * * *
The orange demon hits you.
You die...

.........#.....†.......
########>......<.......
###.#####.#...#. #.# .#
.... #####.# .. #.
#.K>..# ... #4###.#
.#.# #4# #.# .#..
#@###.####..###.
####4#.....4.K.
#...Kg.....##.K
#.#####....K... #
#.....K... #.........
#........# ##.......#
.....#..#


You could see an orange demon (summoned), 2 ice devils, 2 kobold demonologists
and a gnoll.

Vanquished Creatures
  A two-headed ogre (D:8)
  5 gargoyles (D:7)
  Grinder (D:5)
  Prince Ribbit (D:5)
  Sigmund (D:2)
  11 yaks
  Menkaure (D:5)
  A steam dragon (D:7)
  A water moccasin (D:6)
  2 black bears
  An orc warrior (D:8)
  2 sky beasts (D:7)
  An ice beast (D:5)
  7 necrophages
  A hornet zombie (D:8)
  3 ogres
  2 centaurs (D:7)
  Blork the orc (D:6)
  A kobold brigand (D:7)
  2 phantoms
  2 bullfrogs
  A scorpion (D:5)
  4 water moccasin zombies (Ossuary)
  A wyvern skeleton (D:6)
  3 wights (D:8)
  A howler monkey (D:4)
  2 bullfrog zombies
  4 centaur zombies
  A hound (D:4)
  A gnoll shaman (D:6)
  Crazy Yiuf (D:2)
  4 bullfrog skeletons
  A jelly (D:5)
  An iguana (D:6)
  Ijyb (D:3)
  10 orc wizards
  A hound skeleton (D:5)
  3 mummies
  8 gnolls
  2 howler monkey skeletons
  4 adders
  A river rat (D:4)
  2 white imps
  3 ufetubi
  An adder skeleton (D:4)
  3 adder zombies
  4 worms
  A dart slug (D:5)
  21 orcs
  A bat zombie (D:1)
  3 endoplasms
  3 giant cockroaches
  5 gnoll zombies (Ossuary)
  7 goblins
  5 hobgoblins
  15 jackals
  5 kobolds
  4 quokkas
  5 ball pythons
  8 bats
  5 frilled lizards
  A goblin zombie (D:4)
  7 hobgoblin zombies (Ossuary)
  4 kobold zombies (Ossuary)
  4 orc zombies (Ossuary)
  A quokka zombie (D:4)
  10 rats
231 creatures vanquished.

Notes
Turn   | Place    | Note
-------+----------+-------------------------------------------
     0 | D:1      | timneilson the Gargoyle Fighter began the quest for the
                  | Orb.
     0 | D:1      | Reached XP level 1. HP: 14/14 MP: 1/1
   196 | D:1      | Reached XP level 2. HP: 19/19 MP: 2/2
   774 | D:1      | Reached XP level 3. HP: 11/23 MP: 3/3
   962 | D:1      | Found a faded altar of an unknown god.
  1646 | D:2      | Reached XP level 4. HP: 26/28 MP: 4/4
  1679 | D:2      | Found a runed translucent door.
  1680 | D:2      | Noticed Crazy Yiuf
  1763 | D:2      | Noticed Sigmund
  1773 | D:2      | Killed Sigmund
  1774 | D:2      | Reached XP level 5. HP: 16/33 MP: 5/5
  2005 | D:2      | Reached XP level 6. HP: 38/38 MP: 6/6
  2202 | D:2      | Killed Crazy Yiuf
  2685 | D:3      | Reached skill level 5 in Armour
  2707 | D:3      | Found a hazy altar of Hepliaklqana.
  2745 | D:3      | You fall into a shaft and drop 1 floor!
  2821 | D:4      | Reached skill level 5 in Shields
  2839 | D:4      | Found a sand-covered staircase.
  2846 | Ossuary  | Entered an ossuary
  2897 | Ossuary  | Reached XP level 7. HP: 34/44 MP: 7/7
  3396 | D:4      | Identified a scroll of acquirement
  3396 | D:4      | Acquired 818 gold pieces
  3480 | D:4      | Found an iron altar of Okawaru.
  3503 | D:4      | Became a worshipper of Warmaster Okawaru
  4080 | D:3      | Noticed Ijyb
  4090 | D:3      | Killed Ijyb
  4399 | D:5      | Entered Level 5 of the Dungeon
  4403 | D:5      | Noticed Menkaure
  4416 | D:5      | Killed Menkaure
  4417 | D:5      | Reached XP level 8. HP: 22/48 MP: 8/8
  4420 | D:5      | Reached skill level 5 in Fighting
  4420 | D:5      | Reached skill level 1 in Invocations
  4617 | D:5      | Reached skill level 1 in Evocations
  4624 | D:5      | Reached * piety under Okawaru
  4733 | D:5      | Noticed Prince Ribbit
  4742 | D:5      | Killed Prince Ribbit
  4743 | D:5      | Reached skill level 5 in Long Blades
  5207 | D:5      | Noticed Grinder
  5208 | D:5      | Paralysed by Grinder for 7 turns
  5224 | D:5      | Paralysed by Grinder for 7 turns
  5238 | D:5      | Paralysed by Grinder for 6 turns
  5245 | D:5      | Killed Grinder
  5246 | D:5      | Reached XP level 9. HP: 48/54 MP: 10/10
  5304 | D:5      | Found a stormy altar of Qazlal.
  5308 | D:5      | Found a sparkling altar of Nemelex Xobeh.
  5308 | D:5      | Found a sacrificial altar of Ru.
  5316 | D:5      | Found a white marble altar of Elyvilon.
  5319 | D:5      | Found a glowing golden altar of the Shining One.
  5811 | D:6      | Reached ** piety under Okawaru
  5931 | D:6      | Found an ornate altar of the Wu Jian Council.
  6256 | D:6      | Found a staircase to the Ecumenical Temple.
  6827 | D:6      | Noticed Blork the orc
  6839 | D:6      | Killed Blork the orc
  7281 | D:7      | Reached *** piety under Okawaru
  7282 | D:7      | Reached XP level 10. HP: 60/60 MP: 12/12
  7667 | D:7      | Noticed a gargoyle
  7668 | D:7      | Noticed a gargoyle
  7769 | D:7      | Killed a gargoyle
  7782 | D:7      | Noticed a gargoyle
  7782 | D:7      | Noticed a gargoyle
  7815 | D:7      | Killed a gargoyle
  7826 | D:7      | Killed a gargoyle
  7842 | D:7      | Killed a gargoyle
  7884 | D:7      | Noticed a gargoyle
  7893 | D:7      | Killed a gargoyle
  8203 | D:8      | Reached **** piety under Okawaru
  8469 | D:8      | Found a shadowy altar of Dithmenos.
  8542 | D:8      | Acquired a manual of Evocations
  8605 | D:8      | Reached XP level 11. HP: 67/67 MP: 14/14
  8615 | D:8      | Reached skill level 5 in Invocations
  8990 | D:9      | Noticed a two-headed ogre
  9006 | D:8      | Killed a two-headed ogre
  9008 | D:8      | Reached ***** piety under Okawaru
  9299 | D:9      | HP: 3/67 [orange demon[a kobold demonologist] (5)]
  9299 | D:9      | Slain by an orange demon

Illustrated notes

Levels and vault maps discovered:
D:1:      saegor_arrival_fortress, layout_basic,
          chequers_ecumenical_altar_simple_redux, corexii_corridor_pit,
          minivault_5, kennysheep_minor_cross
D:2:      wad_crossroads, layout_rooms, uniq_sigmund, uniq_crazy_yiuf_cottage
D:3:      wander_river, layout_basic, nicolae_overflow_crystal_walls, uniq_ijyb
D:4:      layout_loops_ring, okawaru_ov_weapons_minmay, portal_sewer_entry_e,
          enter_ossuary_4
D:5:      layout_gridville, minmay_overflow_temple_star_hex, item_on_display_a,
          uniq_grinder, uniq_menkaure, uniq_prince_ribbit1
D:6:      layout_loops_corners, amcnicky_altar_gilded,
          minmay_temple_entry_glass, minmay_misc_feat_pillars,
          uniq_blork_the_orc
D:7:      cheibrodos_statue_roulette, layout_basic, minmay_fractal_squares_5
D:8:      layout_loops_ring, kennysheep_mini_moat, serial_undead,
          serial_undead_e, serial_undead_a, serial_undead_d, serial_undead_c
D:9:      layout_loops_ring, uniq_maggie

Skill      XL: |  1  2  3  4  5  6  7  8  9 10 11 |
---------------+----------------------------------+-----
Long Blades    | 2 3 4 5 6 7 |  7.9
Armour         | 4 5 6 7 8 9 |  9.7
Fighting       | 4 5 6 7 |  7.3
Shields        | 4 5 6 7 8 9 |  9.8
Invocations    | 2 3 4 5 |  5.3
Evocations     | 2 4 |  4.6

Action                   |  1- 3 |  4- 6 |  7- 9 | 10-12 || total
-------------------------+-------+-------+-------+-------++-------
Melee: Long sword        |   112 |   120 |   373 |   244 ||   849
       Unarmed           |       |       |     3 |       ||     3
Invok: Heroism           |       |       |     1 |     8 ||     9
  Use: Scroll            |     5 |     6 |     8 |     7 ||    26
       Potion            |       |     2 |       |     1 ||     3
Armor: Scale mail        |   101 |    79 |    24 |       ||   204
       Chain mail        |       |       |   231 |    95 ||   326
       Skin              |       |       |     1 |       ||     1
Dodge: Dodged            |    39 |    48 |    92 |    60 ||   239
Block: Kite shield       |    82 |    62 |   273 |   150 ||   567
       Rpst.: Long sword |    13 |     9 |    31 |     8 ||    61

Table legend: (Time is in decaauts)
 A = Elapsed time spent in this place.
 B = Non-inter-level travel time spent in this place.
 C = Inter-level travel time spent in this place.
 D = Time resting spent in this place.
 E = Time spent auto-exploring this place.
 F = Levels seen in this place.
 G = Mean time per level.
                   A        B        C        D        E       F      G
               +--------+--------+--------+--------+--------+-----+--------+
         Total |   9542 |   9222 |    320 |    189 |   6650 |  10 |  954.2 |
       Dungeon |   9321 |   9001 |    320 |    189 |   6650 |   9 | 1035.7 |
       Ossuary |    220 |    220 |      0 |      0 |      0 |   1 |  220.0 |
               +--------+--------+--------+--------+--------+-----+--------+

Top non-repeatable levels by time:
     D:5: 1393 daAuts
     D:6: 1364 daAuts
     D:1: 1344 daAuts
     D:2: 1252 daAuts
     D:7: 1046 daAuts
     D:8: 1036 daAuts
     D:3: 885 daAuts
     D:4: 878 daAuts
 Ossuary: 220 daAuts
     D:9: 120 daAuts
